 Dungeon Crawl Stone Soup version 0.29.1-13-g9f3cf754e1 (webtiles) character file.

Game seed: 3932603493275125925

77 KittyFluff the Trooper (level 4, -1/43 HPs)
             Began as a Gargoyle Berserker on Jan 21, 2023.
             Was a Believer of Trog.
             Slain by a gnoll
             ... wielding a +0 halberd
              (9 damage)
             ... on level 3 of the Dungeon.
             The game lasted 00:08:20 (1813 turns).

KittyFluff the Trooper (Gargoyle Berserker)         Turns: 1813, Time: 00:08:21

Health: -1/43      AC:  7    Str: 21    XL:     4   Next: 34%
Magic:  4/4        EV: 10    Int:  7    God:    Trog [**....]
Gold:   111        SH:  6    Dex: 11    Spells: 3/3 levels left

rFire   . . .      SeeInvis .   a - +0 mace
rCold   . . .      Faith    .   g - +0 kite shield
rNeg    + . .      Spirit   .   h - +0 leather armour
rPois   ∞          Reflect  .   (no helmet)
rElec   +          Harm     .   (no cloak)
rCorr   .          Rampage  .   (no gloves)
Will    .....                   (no boots)
Stlth   ..........              (no amulet)
HPRegen 0.14/turn               (no ring)
MPRegen 0.09/turn               (no ring)

@: berserking (expiring), very quick
A: sickness immunity, AC +3, negative energy resistance 1, electricity
resistance, torment resistance 1, petrification resistance
a: Renounce Religion, Berserk, Trog's Hand


You were on level 3 of the Dungeon.
You worshipped Trog.
Trog was pleased with you.
You visited 1 branch of the dungeon, and saw 3 of its levels.

You collected 111 gold pieces.

Inventory:

Hand Weapons
 a - a +0 mace (weapon)
 q - a +0 sling
Missiles
 d - 23 stones (quivered)
Armour
 b - a +0 animal skin
 g - a +0 kite shield (worn)
 h - a +0 leather armour (worn)
 r - a +0 ring mail
 t - a +0 scale mail
Scrolls
 f - 2 scrolls of teleportation {unknown}
 i - 2 scrolls of torment {unknown}
 j - a scroll of summoning {unknown}
 l - 2 scrolls of identify {unknown}
 p - a scroll of fog {unknown}
 s - a scroll of silence {unknown}
Potions
 c - a potion of flight {unknown}
 e - a potion of might {unknown}
 k - 3 potions of curing {unknown}
 m - a potion of lignification {unknown}
 n - 2 potions of heal wounds {unknown}
 o - a potion of degeneration {unknown}


   Skills:
 + Level 3.9 Fighting
 + Level 3.8 Maces & Flails
 * Level 3.0 Armour
 + Level 2.0 Dodging


You had 3 spell levels left.
You didn't know any spells.
Your spell library was empty.

Dungeon Overview and Level Annotations

Branches:
Dungeon (3/15)

Altars:
Wu Jian


Innate Abilities, Weirdness & Mutations

You are immune to sickness and miasma.
Your stone body is resilient. (AC +3)
You are immune to poison.
You resist negative energy. (rN+)
You are resistant to electric shocks. (rElec)
You are resistant to unholy torment.
You are immune to petrification.


Message History

You kill the hobgoblin!
Trog accepts your kill. The gnoll hits you but does no damage.
You have reached level 4!
You feel stronger. The gnoll hits you but does no damage.
You block the gnoll's attack. The gnoll hits you but does no damage.
You see here a hobgoblin corpse.
You closely miss the gnoll. You block the gnoll's attack. x2
The gnoll hits you from afar with a +0 spear.
The gnoll hits you with a +0 spear! The gnoll closely misses you.
The gnoll barely misses you. The gnoll attacks as you move away!
The gnoll hits you with a +0 spear! The gnoll hits you but does no damage.
A red film seems to cover your vision as you go berserk!
You feel yourself moving faster!
You feel mighty! The gnoll hits you but does no damage.
You feel a strong urge to attack something.
You sock the gnoll!
The gnoll is severely wounded.
The gnoll barely misses you.
You sock the gnoll!
You kill the gnoll!
Trog accepts your kill.
Your Dodging skill increases to level 2!
The gnoll hits you with a +0 spear. The gnoll hits you but does no damage.
Things that are here:
a +0 spear; a hobgoblin corpse You thump the gnoll!
You kill the gnoll!
Trog accepts your kill.
The gnoll hits you from afar with a +0 halberd.
* * * LOW HITPOINT WARNING * * *
Your Armour skill increases to level 3!
Things that are here:
a +0 spear; a gnoll corpse You sock the gnoll!
The gnoll is almost dead.
The gnoll hits you with a +0 halberd!
You die...

.....#...+.............>
.#.#.###.#..............
..................>.....
.#......................
##.###.#.#..............
.#.......#..............
.......###..............
..###### #......g.......
..# #######@#+#####
..##### #)# ........ #.#
.####### #.# .# #.# .#
#+# .# .+ .#


You could see a gnoll.

Vanquished Creatures
  An adder (D:3)
  2 gnolls (D:3)
  A dart slug (D:3)
  5 ball pythons
  7 endoplasms
  4 giant cockroaches
  5 hobgoblins
  3 quokkas
  3 bats (D:1)
  3 frilled lizards
  A goblin (D:1)
  8 kobolds
  A rat (D:2)
  A spectral hobgoblin (D:3)
45 creatures vanquished.

Notes
Turn   | Place    | Note
-------+----------+-------------------------------------------
     0 | D:1      | KittyFluff the Gargoyle Berserker began the quest for the
                  | Orb.
     0 | D:1      | Reached XP level 1. HP: 14/14 MP: 1/1
   227 | D:1      | Reached XP level 2. HP: 15/19 MP: 2/2
   914 | D:2      | Reached XP level 3. HP: 24/24 MP: 3/3
  1053 | D:2      | Found an ornate altar of the Wu Jian Council.
  1166 | D:2      | Reached ** piety under Trog
  1708 | D:3      | Found a faded altar of an unknown god.
  1801 | D:3      | Reached XP level 4. HP: 29/29 MP: 4/4
  1813 | D:3      | Slain by a gnoll

Illustrated notes

Levels and vault maps discovered:
D:1:      dpeg_arrival_shrine, layout_rooms, st_stairs_10
D:2:      layout_basic, basic_altar, minmay_misc_feat_tiny
D:3:      layout_basic, dreamdust_ecumenical_altar_drowned_temple, uniq_grinder,
          uniq_jessica, uniq_terence

Skill      XL: |  1  2  3  4 |
---------------+-------------+-----
Dodging        | 2 |  2.0
Armour         | 3 |  3.0
Fighting       | |  3.9
Maces & Flails | |  3.8

Action                   |  1- 3 |  4- 6 || total
-------------------------+-------+-------++-------
Melee: Mace              |   104 |     5 ||   109
       Punch             |     1 |       ||     1
Invok: Berserk           |       |     1 ||     1
Armor: Animal skin       |    11 |       ||    11
       Leather armour    |    39 |     5 ||    44
Dodge: Dodged            |    48 |     3 ||    51
Block: Kite shield       |    18 |     3 ||    21
